 Dungeon Crawl Stone Soup version 0.19-a0-82-gd3566c2 (webtiles) character file.

175068 Duffy the Warrior (level 17, -5/158 HPs)
             Began as a Minotaur Gladiator on May 15, 2016.
             Was the Champion of Makhleb.
             Shot with a bolt by a naga sharpshooter (14 damage)
             ... on level 3 of the Snake Pit.
             The game lasted 00:57:46 (30352 turns).

Duffy the Warrior (Minotaur Gladiator)             Turns: 30352, Time: 00:57:47

Health: -5/158     AC: 26    Str: 28    XL:     17   Next: 46%
Magic:  32/32      EV: 21    Int:  5    God:    Makhleb [******]
Gold:   651        SH:  7    Dex: 22    Spells: 0 memorised, 16 levels left

rFire  + + .     SeeInvis .     I - +9 eveningstar (drain)
rCold  . . .     Gourm    .     u - +4 fire dragon armour
rNeg   . . .     Faith    .     a - +1 buckler {rPois}
rPois  +         Spirit   .     c - +1 hat
rElec  +         Dismiss  .     O - +0 cloak
rCorr  +         Reflect  .     A - +2 pair of gloves {Str+3}
SustAt .         Harm     .     h - +1 pair of boots "Modyuheg" {rElec Regen+}
MR     ++...                    p - amulet "Imeruumo" {+Rage rElec MP+9 Str+4 Dex+5}
Stlth  ..........               U - ring of resist corrosion
                                H - ring "Widdois" {rC+ MR+ Slay+2}

@: lethally poisoned (-5 -> -5), constricted, very resistant to hostile
enchantments, extremely unstealthy
A: retaliatory headbutt, horns 2
a: Minor Destruction, Lesser Servant of Makhleb, Major Destruction, Greater
Servant of Makhleb, Renounce Religion, Evoke Berserk Rage


You were on level 3 of the Snake Pit.
You worshipped Makhleb.
Makhleb was exalted by your worship.
You were not hungry.

You visited 5 branches of the dungeon, and saw 30 of its levels.
You also visited: Labyrinth.

You collected 2652 gold pieces.
You spent 2001 gold pieces at shops.


Innate Abilities, Weirdness & Mutations

You reflexively headbutt those who attack you in melee.
You have a pair of horns on your head.


   Skills:
 + Level 16.1 Fighting
 - Level 13.5(16.0) Maces & Flails
   Level 14.5(16.4) Staves
 - Level 2.0 Throwing
 + Level 15.9 Armour
 + Level 15.3 Dodging
 - Level 5.2 Shields
 - Level 7.4 Invocations
 - Level 10.0 Evocations


You had 16 spell levels left.
You didn't know any spells.

Inventory:

Hand Weapons
 I - a +9 eveningstar of draining (weapon)
 J - a +0 blowgun
Missiles
 d - 4 throwing nets
 q - 16 javelins (quivered)
Armour
 a - a +1 buckler of poison resistance (worn)
 c - a +1 hat (worn)
 h - the +1 pair of boots "Modyuheg" (worn) {rElec Regen+}

   It insulates you from electricity.
   It increases your rate of regeneration.
 u - a +4 fire dragon armour (worn)
 A - a +2 pair of gloves of strength (worn)
 O - a +0 cloak (worn)
Rods
 j - a +4 iron rod (12/12)
 N - a +4 rod of clouds (10/10)
Jewellery
 g - an uncursed ring of sustain attributes
 p - the amulet "Imeruumo" (around neck) {+Rage rElec MP+9 Str+4 Dex+5}

   [amulet of rage]

   It affects your strength (+4).
   It affects your dexterity (+5).
   It insulates you from electricity.
   It affects your magic capacity (+9).
   It lets you go berserk.
 H - the ring "Widdois" (left hand) {rC+ MR+ Slay+2}

   [ring of protection from magic]

   It affects your accuracy and damage with ranged weapons and melee attacks
   (+2).
   It protects you from cold.
   It affects your resistance to hostile enchantments.
 L - a +3 amulet of reflection {unknown}
 R - an uncursed ring of ice
 U - a ring of resist corrosion (right hand)
Wands
 i - a wand of disintegration (6/24)
 y - a wand of confusion (31/48)
 B - a wand of heal wounds (9/9)
 S - a wand of digging (12/24)
 Y - a wand of polymorph (12/24)
Scrolls
 e - 3 scrolls of fear
 l - 6 scrolls of remove curse
 n - 3 scrolls of holy word
 s - 6 scrolls of fog
 x - a scroll of silence
 C - 6 scrolls of teleportation
 D - 4 scrolls of magic mapping
 G - 5 scrolls of recharging
 K - a scroll of vulnerability
 P - 3 scrolls of blinking
Potions
 b - 3 potions of cancellation
 k - 12 potions of heal wounds
 m - 4 potions of resistance
 r - 11 potions of curing
 t - 5 potions of ambrosia
 w - 6 potions of invisibility
 z - 3 potions of might
 E - 2 potions of haste
 F - 4 potions of flight
 W - a potion of berserk rage
 Z - 4 potions of agility
Miscellaneous
 v - a sack of spiders
 M - a phial of floods
 V - a sack of spiders
Comestibles
 f - 15 bread rations
 o - 12 meat rations
 Q - 23 fruits
 X - 5 slices of pizza

Dungeon Overview and Level Annotations

Branches:
Dungeon (15/15)            Temple (1/1) D:7            Lair (8/8) D:8
 Shoals (0/4) Lair:4        Snake (4/4) Lair:5        Slime (0/6) Lair:7
    Orc (2/2) D:9             Elf (0/3) Orc:2        Vaults (0/5) D:13
 Depths (0/5) D:15

Altars:
Ashenzari
Cheibriados
Dithmenos
Elyvilon
Fedhas
Gozag
Kikubaaqudgha
Makhleb
Nemelex Xobeh
Okawaru
Pakellas
Qazlal
Ru
Sif Muna
Trog
Vehumet
Xom
Yredelemnul
Zin
The Shining One
Beogh

Shops:
D:12 }   Orc:1 [   Orc:2 %[:(   Snake:3 !

Portals:
Trove: D:13 (give horn of Geryon)

Annotations:
Lair:6 exclusion: oklob plant
Snake:4 1 exclusion


Message History

You are too injured to fight recklessly!
You are too injured to fight recklessly!
You are too injured to fight recklessly!
You are too injured to fight recklessly!
You are too injured to fight recklessly!
You are too injured to fight recklessly!
You are too injured to fight recklessly!
You are too injured to fight recklessly!
You are too injured to fight recklessly!
You are too injured to fight recklessly!
You are too injured to fight recklessly!
You feel sick.
You are more poisoned.
The naga ritualist's toxic aura wanes.
You block the salamander's attack. The salamander completely misses you.
There is a stone staircase leading up, spattered with blood here.
You feel sick. The salamander closely misses you.
The salamander barely misses you.
The naga sharpshooter shoots a bolt.
The bolt hits you! The bolt freezes you.
You climb upwards.
You feel sick.
There is a stone staircase leading down here.
You puncture the naga sharpshooter!
The naga sharpshooter is lightly wounded.
You closely miss the naga sharpshooter.
Your headbutt misses the naga sharpshooter.
The naga sharpshooter is lightly wounded.
You feel sick.
The naga ritualist hits you with a scimitar of venom.
The naga ritualist barely misses you.
The naga sharpshooter gestures wildly while chanting.
The naga sharpshooter magically shoots a bolt.
The bolt hits you! The bolt freezes you.
You sock the naga sharpshooter!
The naga sharpshooter is moderately wounded.
You feel sick.
You bludgeon the naga sharpshooter!! You drain the naga sharpshooter!
The naga sharpshooter is severely wounded.
The naga sharpshooter mumbles some strange words.
The naga sharpshooter magically shoots a bolt.
The bolt hits you! The bolt freezes you.
The naga ritualist hits you but does no damage.
The naga ritualist grabs you. The naga ritualist constricts you.
You closely miss the naga sharpshooter.
Your headbutt misses the naga sharpshooter.
The naga sharpshooter is severely wounded.
You feel sick.
The naga sharpshooter casts a spell.
The naga sharpshooter magically shoots a bolt.
The bolt hits you!
You die...

.....#.# ######.#..#....#))##
.....#.############..######.##
.....#......................##
.....#.......................# #
.....#.#############...#...^.## #
######.#...........#..###.....###
.).....#...........#..# #........
.....%.#........N..#.## ##.......
.......#........@..#.# ##.......
.....<.#........N..#.####........
.......'...........#.##..........
.......###########'#.............
.....................#####'##....
.......!.............#......'..#.
.....................#......#..#.
...#######...####....#......#....
...#.....#...# #....#......#...<


You could see a naga sharpshooter and a naga ritualist.

Action                   |  1- 3 |  4- 6 |  7- 9 | 10-12 | 13-15 | 16-18 || total
-------------------------+-------+-------+-------+-------+-------+-------++-------
Melee: Quarterstaff      |    66 |   154 |   331 |   940 |  1400 |       ||  2891
       Headbutt          |    11 |    14 |    92 |   310 |   565 |   197 ||  1189
       Eveningstar       |       |       |       |       |   278 |   546 ||   824
Invok: Lesser Servant of |       |       |       |       |     7 |       ||     7
 Abil: Evoke Berserk Rag |       |       |     2 |     6 |    12 |       ||    20
Evoke: Wand              |       |       |     1 |     1 |     9 |       ||    11
  Use: Scroll            |       |       |     9 |    13 |    29 |     4 ||    55
 Stab: Distracted        |       |       |       |       |     2 |       ||     2
  Eat: Chunk             |       |     6 |    17 |    25 |    44 |       ||    92
       Beef jerky        |       |       |     1 |       |     2 |     7 ||    10
       Royal jelly       |       |       |       |     2 |       |     1 ||     3
       Fruit             |       |       |       |     2 |       |       ||     2
       Pizza             |       |       |       |       |     3 |       ||     3
Armor: Leather armour    |     5 |       |       |       |       |       ||     5
       Ring mail         |    12 |       |       |       |       |       ||    12
       Plate armour      |    12 |    90 |   214 |   335 |   373 |       ||  1024
       Chain mail        |       |       |       |       |   112 |       ||   112
       Fire dragon armou |       |       |       |       |    88 |   161 ||   249
Dodge: Dodged            |    44 |    41 |   144 |   337 |  1049 |   430 ||  2045
Block: Buckler           |       |       |       |       |    78 |   179 ||   257

Notes
Turn   | Place    | Note
--------------------------------------------------------------
     0 | D:1      | Duffy the Minotaur Gladiator began the quest for the Orb.
     0 | D:1      | Reached XP level 1. HP: 18/18 MP: 0/0
   121 | D:1      | Reached skill level 4 in Staves
   140 | D:1      | Reached XP level 2. HP: 25/25 MP: 1/1
   214 | D:1      | Reached skill level 3 in Fighting
   552 | D:1      | Reached XP level 3. HP: 29/31 MP: 2/2
   981 | D:2      | Noticed Terence
   988 | D:2      | Killed Terence
   988 | D:2      | Reached skill level 4 in Fighting
   988 | D:2      | Reached skill level 5 in Staves
   988 | D:2      | Reached XP level 4. HP: 39/40 MP: 3/3
  1446 | D:3      | Noticed Ijyb
  1454 | D:3      | Killed Ijyb
  1454 | D:3      | Reached skill level 1 in Armour
  1464 | D:3      | Noticed a centaur
  1472 | D:3      | Killed a centaur
  1472 | D:3      | Reached skill level 6 in Staves
  1472 | D:3      | Reached skill level 2 in Armour
  1472 | D:3      | Reached XP level 5. HP: 45/46 MP: 4/4
  1599 | D:3      | Noticed Natasha
  1608 | D:3      | Killed Natasha
  1608 | D:3      | Reached skill level 3 in Armour
  1713 | D:3      | Reached XP level 6. HP: 52/52 MP: 5/5
  1910 | D:3      | Noticed Natasha
  1928 | D:3      | Killed Natasha
  2077 | D:3      | Noticed Natasha
  2083 | D:3      | Killed Natasha
  2185 | D:4      | Noticed Grinder
  2271 | D:4      | Reached skill level 4 in Armour
  2282 | D:4      | Found a stormy altar of Qazlal.
  2317 | D:4      | Found a blossoming altar of Fedhas.
  2476 | D:4      | Paralysed by Grinder for 2 turns
  2479 | D:4      | Paralysed by Grinder for 6 turns
  2491 | D:4      | Paralysed by Grinder for 5 turns
  2939 | D:4      | Found an ancient bone altar of Kikubaaqudgha.
  2990 | D:4      | Reached skill level 7 in Staves
  3002 | D:4      | Killed Grinder
  3002 | D:4      | Reached skill level 5 in Armour
  3002 | D:4      | Reached XP level 7. HP: 59/59 MP: 6/6
  3072 | D:4      | Noticed Duvessa
  3075 | D:4      | Noticed Dowan
  3079 | D:4      | Killed Duvessa
  3079 | D:4      | Reached skill level 8 in Staves
  3079 | D:4      | Reached skill level 6 in Armour
  3087 | D:4      | Killed Dowan
  3281 | D:5      | Entered Level 5 of the Dungeon
  3457 | D:5      | Reached XP level 8. HP: 66/66 MP: 7/7
  3510 | D:5      | Reached skill level 7 in Armour
  3536 | D:5      | Reached skill level 9 in Staves
  3700 | D:5      | Found an oddly glowing altar of Pakellas.
  4018 | D:6      | Found a glowing golden altar of the Shining One.
  4020 | D:6      | Found a snail-covered altar of Cheibriados.
  4041 | D:6      | Noticed Sigmund
  4051 | D:6      | Killed Sigmund
  4051 | D:6      | Reached skill level 5 in Fighting
  4425 | D:6      | Found an iron altar of Okawaru.
  4770 | D:6      | Reached skill level 10 in Staves
  4877 | D:6      | Found an ancient bone altar of Kikubaaqudgha.
  4928 | D:6      | Reached skill level 6 in Fighting
  5505 | D:7      | Reached XP level 9. HP: 74/78 MP: 8/8
  5569 | D:7      | Found a staircase to the Ecumenical Temple.
  5577 | Temple   | Entered the Ecumenical Temple
  5675 | Temple   | Became a worshipper of Makhleb the Destroyer
  5856 | D:7      | Reached skill level 7 in Fighting
  6042 | D:7      | Got a smoking pewter amulet
  6044 | D:7      | Identified the amulet "Imeruumo" {+Rage rElec MP+9 Str+4 Dex+5} (You found it on level 7 of the Dungeon)
  6174 | D:7      | Reached skill level 4 in Dodging
  6184 | D:7      | Reached skill level 11 in Staves
  6257 | D:7      | Reached * piety under Makhleb
  6377 | D:8      | Found a bloodstained altar of Trog.
  6380 | D:8      | Found a radiant altar of Vehumet.
  6388 | D:8      | Found a staircase to the Lair.
  6395 | D:8      | Noticed a troll
  6411 | D:7      | Reached skill level 1 in Evocations
  6656 | D:7      | Reached skill level 2 in Evocations
  6775 | D:7      | Reached skill level 3 in Evocations
  6776 | D:7      | Reached skill level 12 in Staves
  6804 | D:8      | Found an opulent altar of Gozag.
  6816 | D:8      | Killed a troll
  6939 | D:8      | Reached skill level 4 in Evocations
  6968 | D:8      | Reached ** piety under Makhleb
  6974 | D:8      | Reached XP level 10. HP: 86/86 MP: 12/12
  7324 | D:8      | Noticed Erolcha
  7324 | D:8      | Noticed Prince Ribbit
  7328 | D:8      | Killed Erolcha
  7328 | D:8      | Reached skill level 5 in Evocations
  7332 | D:8      | Killed Prince Ribbit
  7332 | D:8      | Reached skill level 13 in Staves
  7622 | D:8      | Found a sacrificial altar of Ru.
  7771 | D:9      | Found a white marble altar of Elyvilon.
  7861 | D:9      | Reached *** piety under Makhleb
  7874 | D:9      | Found a staircase to the Orcish Mines.
  8129 | D:9      | Reached skill level 14 in Staves
  8153 | D:9      | Reached **** piety under Makhleb
  8393 | D:9      | Found a shimmering altar of Xom.
  8546 | D:9      | Found a shadowy altar of Dithmenos.
  8629 | D:9      | Found a basalt altar of Yredelemnul.
  8649 | D:9      | Reached skill level 5 in Dodging
  8744 | D:9      | Reached skill level 8 in Armour
  8825 | D:9      | Reached XP level 11. HP: 84/92 MP: 14/14
  9204 | D:10     | Entered Level 10 of the Dungeon
 10003 | Lair:1   | Entered Level 1 of the Lair of Beasts
 10007 | Lair:1   | Reached ***** piety under Makhleb
 10158 | Lair:1   | Reached skill level 8 in Fighting
 10489 | Lair:1   | Reached skill level 6 in Dodging
 10904 | Lair:1   | Reached skill level 9 in Armour
 10917 | Lair:1   | Identified Loaref's Guide on Ghastly Lightness (You found it on level 1 of the Lair of Beasts)
 11089 | Lair:1   | Reached skill level 9 in Fighting
 11547 | Lair:2   | Reached skill level 7 in Dodging
 11901 | Lair:2   | Reached skill level 10 in Armour
 11936 | Lair:2   | Reached skill level 10 in Fighting
 11960 | Lair:2   | Reached skill level 8 in Dodging
 12151 | Lair:2   | Reached ****** piety under Makhleb
 12243 | Lair:2   | Reached XP level 12. HP: 107/107 MP: 15/15
 12376 | Lair:2   | Noticed an eight-headed hydra
 12392 | Lair:2   | Killed an eight-headed hydra
 12963 | Lair:2   | Reached skill level 11 in Fighting
 12963 | Lair:2   | Reached skill level 11 in Armour
 13159 | Lair:3   | Reached skill level 9 in Dodging
 13329 | Lair:3   | Noticed an eight-headed hydra
 13600 | Lair:3   | Killed an eight-headed hydra
 13764 | Lair:3   | Got a pair of blackened boots
 13775 | Lair:3   | Identified the +1 pair of boots "Modyuheg" {rElec Regen+} (You found it on level 3 of the Lair of Beasts)
 14490 | Lair:4   | Reached skill level 10 in Dodging
 14506 | Lair:4   | Reached skill level 12 in Fighting
 14595 | Lair:4   | Reached skill level 12 in Armour
 14629 | Lair:4   | Reached skill level 1 in Invocations
 14647 | Lair:4   | Reached skill level 2 in Invocations
 14808 | Lair:4   | Reached skill level 3 in Invocations
 14829 | Lair:4   | Reached XP level 13. HP: 118/118 MP: 16/16
 14862 | Lair:4   | Found a staircase to the Shoals.
 15215 | Lair:5   | Noticed Nessos
 15269 | Lair:5   | Reached skill level 11 in Dodging
 15381 | Lair:5   | Killed Nessos
 15381 | Lair:5   | Reached skill level 4 in Invocations
 15549 | Lair:5   | Found a staircase to the Snake Pit.
 16400 | Lair:5   | Reached skill level 5 in Invocations
 16592 | Lair:6   | Reached skill level 6 in Invocations
 16695 | Lair:6   | Reached skill level 7 in Invocations
 16762 | Lair:6   | Reached skill level 6 in Evocations
 17056 | Lair:6   | Reached skill level 7 in Evocations
 17350 | Lair:7   | Found a staircase to the Slime Pits.
 17456 | Lair:7   | Reached skill level 8 in Evocations
 17803 | Lair:8   | Entered Level 8 of the Lair of Beasts
 17946 | Lair:8   | Reached skill level 9 in Evocations
 17991 | Lair:8   | Noticed a fire dragon
 18019 | Lair:8   | Killed a fire dragon
 18019 | Lair:8   | Reached XP level 14. HP: 110/126 MP: 19/19
 18376 | Lair:7   | Reached skill level 10 in Evocations
 18719 | Lair:8   | Reached skill level 12 in Dodging
 19002 | Lair:8   | Noticed Snorg
 19017 | Lair:8   | Killed Snorg
 19463 | Lair:8   | Reached skill level 13 in Armour
 19691 | Lair:8   | Reached skill level 13 in Fighting
 20128 | D:11     | Found a labyrinth entrance.
 20144 | Lab      | Entered a labyrinth
 20380 | Lab      | Got a fine lapis lazuli ring
 20411 | Lab      | Identified the ring "Widdois" {rC+ MR+ Slay+2} (You took it off a minotaur in a labyrinth)
 21144 | D:11     | Reached skill level 13 in Dodging
 21708 | D:12     | Noticed Duffy's ghost (novice FoFi)
 21734 | D:12     | Killed Duffy's ghost
 21822 | D:12     | Found Miggiut's Gadget Emporium.
 22053 | D:12     | Reached XP level 15. HP: 137/137 MP: 21/21
 22443 | Orc:1    | Entered Level 1 of the Orcish Mines
 22490 | Orc:1    | Found a roughly hewn altar of Beogh.
 22559 | Orc:1    | Found Bocleshroy's Antique Armour Shop.
 22883 | Orc:2    | Entered Level 2 of the Orcish Mines
 22904 | Orc:2    | Found a roughly hewn altar of Beogh.
 22944 | Orc:2    | Found a roughly hewn altar of Beogh.
 22998 | Orc:2    | Found a roughly hewn altar of Beogh.
 22999 | Orc:2    | Found Ruptub's Food Shop.
 23186 | Orc:2    | Found a roughly hewn altar of Beogh.
 23297 | Orc:2    | Found a roughly hewn altar of Beogh.
 23317 | Orc:2    | Found Okloptoa's Book Boutique.
 23500 | Orc:2    | Reached skill level 14 in Fighting
 23522 | Orc:2    | Found a staircase to the Elven Halls.
 23528 | Orc:2    | Noticed Maud
 23557 | Orc:1    | Killed Maud
 23557 | Orc:1    | Reached skill level 14 in Armour
 23830 | Orc:2    | Noticed an orc warlord
 23871 | Orc:2    | Killed an orc warlord
 23948 | Orc:2    | Found Ifeil's Antique Weapon Boutique.
 23949 | Orc:2    | Found a roughly hewn altar of Beogh.
 23951 | Orc:2    | Found Sumnynt's Antique Armour Shop.
 24302 | Orc:1    | Bought a pair of runed gloves for 139 gold pieces
 24319 | Orc:1    | Bought a black opal-encrusted plate armour for 868 gold pieces
 24331 | Orc:1    | Identified the cursed +0 plate armour of the Wilderness {rC+} (You bought it in a shop on level 1 of the Orcish Mines)
 24647 | Orc:2    | Bought a blackened chain mail for 351 gold pieces
 24658 | Orc:2    | Identified the +4 chain mail of the Jabberwock {*Corrode Str+3 SInv} (You bought it in a shop on level 2 of the Orcish Mines)
 24717 | Orc:1    | Bought a runed buckler for 139 gold pieces
 24973 | D:13     | Reached skill level 1 in Shields
 24976 | D:13     | Reached skill level 1 in Maces & Flails
 24997 | D:13     | Reached skill level 2 in Shields
 25047 | D:13     | Reached skill level 2 in Maces & Flails
 25078 | D:13     | Reached skill level 3 in Shields
 25160 | D:13     | Found a portal to a secret trove of treasure.
 25176 | D:13     | Reached skill level 3 in Maces & Flails
 25335 | D:13     | Reached skill level 4 in Shields
 25348 | D:13     | Reached skill level 4 in Maces & Flails
 25391 | D:13     | Found a gate to the Vaults.
 25402 | D:13     | Reached skill level 5 in Maces & Flails
 25402 | D:13     | Reached skill level 5 in Shields
 25422 | D:13     | Got a transparent chain mail
 25433 | D:13     | Identified the cursed +1 chain mail "Ymaphaem" {Int+4} (You found it on level 13 of the Dungeon)
 25901 | D:14     | Reached skill level 6 in Maces & Flails
 25926 | D:14     | Found an opulent altar of Gozag.
 26120 | D:14     | Reached skill level 7 in Maces & Flails
 26333 | D:14     | Reached skill level 8 in Maces & Flails
 26609 | D:15     | Entered Level 15 of the Dungeon
 26612 | D:15     | Found a glowing golden altar of the Shining One.
 26730 | D:15     | Reached skill level 9 in Maces & Flails
 26833 | D:15     | Reached skill level 10 in Maces & Flails
 26902 | D:15     | Reached XP level 16. HP: 146/146 MP: 22/22
 26998 | D:15     | Reached skill level 11 in Maces & Flails
 27001 | D:15     | Found a staircase to the Depths.
 27164 | D:15     | Reached skill level 12 in Maces & Flails
 27720 | Snake:1  | Entered Level 1 of the Snake Pit
 27726 | Snake:1  | Found a shadowy altar of Dithmenos.
 27778 | Snake:1  | Noticed Donald
 27784 | Snake:1  | Reached skill level 13 in Maces & Flails
 27798 | Snake:1  | Killed Donald
 28426 | Snake:2  | Noticed Norris
 28446 | Snake:2  | Killed Norris
 28455 | Snake:2  | Reached skill level 14 in Dodging
 28490 | Snake:2  | Noticed Azrael
 28507 | Snake:2  | Killed Azrael
 28622 | Snake:2  | Noticed Aizul
 28635 | Snake:2  | Killed Aizul
 28751 | Snake:2  | Reached skill level 15 in Fighting
 28755 | Snake:2  | Reached skill level 15 in Armour
 29260 | Snake:3  | Reached XP level 17. HP: 156/156 MP: 23/23
 29286 | Snake:3  | Found Sappaud's Distillery.
 29289 | Snake:3  | Bought a potion of resistance for 180 gold pieces
 29289 | Snake:3  | Bought a potion of might for 72 gold pieces
 29289 | Snake:3  | Bought a potion of curing for 54 gold pieces
 29289 | Snake:3  | Bought a potion of curing for 54 gold pieces
 29289 | Snake:3  | Bought 2 potions of agility for 144 gold pieces
 29553 | Snake:3  | Identified Iriewao's Volume of Unholy Transformation (You found it on level 3 of the Snake Pit)
 30039 | Snake:3  | Reached skill level 15 in Dodging
 30092 | Snake:4  | Entered Level 4 of the Snake Pit
 30092 | Snake:4  | Found a bloodstained altar of Trog.
 30191 | Snake:4  | Reached skill level 16 in Fighting
 30352 | Snake:3  | Shot with a bolt by a naga sharpshooter

Skill      XL: |  1  2  3  4  5  6  7  8  9 10 11 12 13 14 15 16 17 |
---------------+----------------------------------------------------+-----
Staves         | 4 5 6 7 8 10 12 14 | 14.5
Fighting       | 3 4 6 7 10 12 13 14 15 16 | 16.1
Armour         | 2 3 5 6 7 8 10 12 13 14 15 | 15.9
Dodging        | 4 5 8 10 11 13 14 15 | 15.3
Evocations     | 4 5 9 10 | 10.0
Invocations    | 3 7 |  7.4
Shields        | 5 |  5.2
Maces & Flails | 10 13 | 13.5
Throwing       | |  2.0

Vault maps used:
D:1:      minmay_arrival_nine_rooms
D:2:      first_bread, uniq_terence
D:3:      st_stairs_13, uniq_natasha, uniq_iyjb
D:4:      kiku_gazebo_garden_becter, kennysheep_mini, overflow_temple_1_default,
          uniq_grinder, uniq_duvessa
D:5:      johnstein_pakellas_dig
D:6:      lemuel_doored_altar, nicolae_overflow_hidden_temple, basic_altar,
          nrook_mini_backslash, uniq_sigmund
D:7:      minmay_temple_entry_glassed_door
D:8:      kennysheep_little_box, grunt_temple_overflow_open, erik_lair_island,
          uniq_erolcha, uniq_prince_ribbit1
D:9:      lemuel_mausoleum_altar_yredelemnul, lemuel_crystal_altar,
          kennysheep_mini_moat, marbit_many_paths, zombieorc1_lemuel
D:11:     lab_entry_generic, hangedman_ranch
D:12:     minmay_wizard_corner, serial_shops, shop_coins,
          grunt_decor_mini_mirrors, grunt_ministairs_14
D:13:     grunt_vaults_entry_tiered, nicolae_trove_entry_crossroad,
          hangedman_glass_teeth
D:14:     nicolae_gozag_seed_capital
D:15:     gammafunk_depths_entry_grave, tso_altar
Temple:   circular_temple_6
Lair:1:   worms_lemuel
Lair:2:   wad_woods_structure_01, serial_forest, infiniplex_forest_zigzag_2,
          infiniplex_forest_clump_diagonal, infiniplex_forest_straight_4,
          infiniplex_forest_lined_1, st_stairs_7
Lair:3:   infiniplex_staircase_pool_2, lemuel_fruit_fields
Lair:4:   minmay_shoals_entry_centaurs
Lair:5:   guppyfry_snake_entry_garden, uniq_nessos
Lair:6:   nicolae_quartered_pool_little, serial_bayou_ford_a,
          beast_lair_carwin_11, lemuel_fruit_fields, grunt_megastairs_2,
          serial_bayou_shore_a
Lair:7:   kennysheep_rathole, minmay_slime_entry_jelly_boxes, uniq_kirke
Lair:8:   hangedman_lair_tendril_chambers, guppyfry_lair_end_dragon, uniq_snorg
Snake:1:  basic_altar, uniq_donald
Snake:2:  spider_trap, nicolae_snake_round_shape_thing, uniq_aizul, uniq_norris,
          uniq_azrael
Snake:3:  serial_shops, shop
Snake:4:  snake_pit_salamanders_mu, basic_altar
Orc:1:    serial_shops, nicolae_shop_window_shopping, mines2_david
Orc:2:    grunt_orc_community_town_hall, grunt_orc_community_big_house_1,
          grunt_orc_community_big_house_2, grunt_orc_community_house_3,
          grunt_orc_community_house_1, grunt_orc_community_house_2,
          grunt_orc_community_house_1, uniq_maud
Lab:      labyrinth_watery, nicolae_lab_swirl, lab_fountain,
          nicolae_lab_quarters

Vanquished Creatures
  Norris
  4 greater nagas Aizul Maud Donald
  An orc warlord Azrael Nessos
  A minotaur Snorg
  A fire dragon
  A vault guard
  A quicksilver dragon zombie Erolcha
  11 hydras
  11 naga warriors
  7 anacondas
  3 centaur warriors
  2 ogre magi
  A death knight
  9 death yaks
  6 naga sharpshooters
  3 shock serpents
  The ghost of Duffy the Carver, a novice FoFi of Cheibriados
  An orc high priest
  3 skeletal warriors
  A golden dragon zombie
  4 salamander mystics
  2 unseen horrors
  A flayed ghost
  7 wizards
  4 naga ritualists
  5 hill giants
  A lindwurm
  A phantasmal warrior
  2 necromancers
  2 wolf spiders
  A cyclops
  A hornet
  2 griffons
  An orc sorcerer
  A mana viper
  16 ugly things
  14 salamanders
  4 slime creatures
  6 manticores
  18 elephants
  15 naga magi
  6 guardian serpents
  22 spiny frogs
  29 black mambas
  3 gargoyles
  2 kobold demonologists
  6 rime drakes
  17 komodo dragons
  5 trolls
  4 two-headed ogres Grinder Prince Ribbit
  25 blink frogs
  An ice dragon zombie
  3 shadows
  A fire dragon skeleton
  8 wyverns Sigmund
  52 yaks
  3 basilisks
  A hill giant zombie
  6 wraiths
  2 hogs
  22 humans
  7 hungry ghosts
  2 fire elementals
  3 steam dragons
  12 hippogriffs
  A warg
  4 mottled dragons
  A soldier ant
  44 nagas
  7 swamp worms
  24 water moccasins
  2 hell hounds
  10 porcupines Duvessa
  A swamp drake
  2 ice beasts
  31 orc warriors
  2 sky beasts
  5 wasps
  A black bear
  A necrophage
  20 ogres
  5 phantoms
  4 wolves
  15 centaurs
  16 crocodiles
  3 big kobolds
  22 giant frogs
  A gnoll sergeant
  A wyvern zombie
  A water moccasin zombie Dowan
  2 scorpions
  2 wyvern skeletons
  11 killer bees
  A troll skeleton
  3 howler monkeys
  18 wights
  3 electric eels
  12 crimson imps
  6 centaur zombies
  A giant frog zombie
  6 hounds
  2 quasits
  17 jellies
  16 orc priests
  A gnoll shaman
  5 centaur skeletons
  5 human zombies
  3 giant frog skeletons Ijyb
  7 iguanas
  Natasha (thrice)
  Terence
  31 orc wizards
  2 hell rats
  17 worker ants
  15 sheep
  5 ogre zombies
  2 mummies
  A hound skeleton
  A worker ant zombie
  A howler monkey zombie
  24 adders
  13 gnolls
  55 river rats
  2 shadow imps
  3 oozes
  3 adder skeletons
  12 worms
  4 dart slugs
  3 giant geckos
  99 orcs
  7 bats
  6 goblins
  4 hobgoblins
  15 jackals
  8 kobolds
  4 quokkas
  A giant gecko zombie
  5 giant newts
  A goblin skeleton
  2 goblin zombies
  A hobgoblin skeleton
  2 hobgoblin zombies
  2 orc skeletons
  12 orc zombies
  2 quokka skeletons
  14 rats
  6 fungi
  16 plants
1182 creatures vanquished.
